 Dungeon Crawl Stone Soup version 0.17-a0-1923-gc35365e (webtiles) character file.

53 barthelm the Ruffian (level 3, -1/33 HPs)
             Began as a Ghoul Monk on Sept 28, 2015.
             Hit by a stone thrown by a gnoll (5 damage)
             ... on level 2 of the Dungeon.
             The game lasted 00:03:18 (1055 turns).

barthelm the Ruffian (Ghoul Monk)                   Turns: 1055, Time: 00:03:18

Health: -1/33      AC:  2    Str: 15    XL:     3   Next: 87%
Magic:  2/2        EV: 13    Int:  5    God:
Gold:   36         SH:  0    Dex: 11    Spells: 0 memorised, 2 levels left

rFire  . . .     SeeInvis .       - Unarmed
rCold  + . .     Clarity  .     a - +0 robe
rNeg   + + +     SustAt   .     (no shield)
rPois  ∞         Gourm    .     (no helmet)
rElec  .         Spirit   .     (no cloak)
rCorr  .         Warding  .     (no gloves)
rMut   .         Stasis   .     (no boots)
MR     .....                    (no amulet)
Stlth  ++........               (no ring)
                                (no ring)

@: rotting, not resistant to hostile enchantments, unstealthy
A: rotting body, claws 1, carnivore 3, cold resistance 1, negative energy
resistance 3, slow healing 1, torment resistance, unbreathing
a: no special abilities


You were on level 2 of the Dungeon.
You were not hungry.

You visited 1 branch of the dungeon, and saw 2 of its levels.

You collected 36 gold pieces.

Inventory:

Armour
 a - a +0 robe (worn)
Scrolls
 c - 2 scrolls of immolation {unknown}
 e - 3 scrolls of identify {unknown}
 g - 2 scrolls of enchant weapon {unknown}
 k - 2 scrolls of blinking {unknown}
 l - a scroll of remove curse {unknown}
Potions
 d - a potion of agility {unknown}
 h - a potion of brilliance {unknown}
 i - a potion of curing {unknown}
 j - a potion of haste {unknown}
Miscellaneous
 f - a plain deck of changes
Comestibles
 b - 2 meat rations


   Skills:
 + Level 4.0 Fighting
 + Level 3.1 Dodging
 + Level 2.4 Stealth
 + Level 5.0 Unarmed Combat


You had 2 spell levels left.
You didn't know any spells.

Dungeon Overview and Level Annotations

Branches:
Dungeon (2/15)

Altars:
Cheibriados
Dithmenos
Nemelex Xobeh
Okawaru


Innate Abilities, Weirdness & Mutations

Your body is rotting away.
You thrive on raw meat.
You are immune to poison.
You have sharp fingernails.
You are carnivorous and can eat meat at any time.
Your flesh is cold resistant.
You are immune to negative energy.
You heal slowly when monsters are visible.
You are immune to unholy pain and torment.
You can survive without breathing.


Message History

Your Fighting skill increases to level 4!
The hobgoblin throws a stone.
The stone closely misses you. The gnoll hits you!
* * * LOW HITPOINT WARNING * * *
You are too injured to fight recklessly!
You are too injured to fight recklessly!
You barely miss the gnoll. The gnoll misses you.
You scratch the kobold.
You kill the kobold!
Your Unarmed Combat skill increases to level 5!
The gnoll closely misses you. The hobgoblin hits you.
* * * LOW HITPOINT WARNING * * *
You scratch the gnoll.
The gnoll is heavily wounded.
The gnoll barely misses you. The hobgoblin hits you.
* * * LOW HITPOINT WARNING * * *
You see here 4 stones.
The gnoll throws a stone.
The stone hits you but does no damage.
You see here a stone.
The gnoll throws a stone.
The stone hits you.
You die...

#.#.##########_## #.......
#.#.#......##≈.≈. #.......
#.#.#......#.≈.≈## #.......
#.#.#......##≈.≈! #.......
#..........#.≈.≈## #.......
###.#......##≈g≈.# #.......
#####†#...#.##.≈o≈#######....
#.....#.#.#.####g###.####....
##.####>....@(.(.(...'..#....
#.# ###.#.###(.....##.#....
#.# #<#.# #......##.#._.. #.#
###.###......##.#...# #.#
#............##.##.##
#.######.#.####.....##.##.##
#........#..........##.##...
####################........
#.#.##...


You could see a gnoll.

Vanquished Creatures
  A gnoll (D:2)
  2 adders (D:2)
  A giant gecko (D:2)
  2 giant cockroaches (D:2)
  6 hobgoblins
  4 bats
  3 goblins
  5 kobolds
  3 rats
27 creatures vanquished.

Notes
Turn   | Place    | Note
--------------------------------------------------------------
     0 | D:1      | barthelm the Ghoul Monk began the quest for the Orb.
     0 | D:1      | Reached XP level 1. HP: 19/19 MP: 0/0
   331 | D:1      | Reached XP level 2. HP: 17/26 MP: 1/1
   354 | D:1      | Found a sparkling altar of Nemelex Xobeh.
   706 | D:2      | Found a shadowy altar of Dithmenos.
   818 | D:2      | Reached XP level 3. HP: 23/33 MP: 2/2
   892 | D:2      | Found a snail-covered altar of Cheibriados.
  1044 | D:2      | Found an iron altar of Okawaru.
  1050 | D:2      | Reached skill level 5 in Unarmed Combat
  1055 | D:2      | Hit by a stone thrown by a gnoll

Vault maps used:
D:1:      minmay_arrival_four_loops, nemelex_deck
D:2:      okawaru_altar_gauntlet_db, nicolae_overflow_crystal_walls,
          first_bread, cheibriados_altar_1

Action                   || total
-------------------------++-------
Melee: Unarmed           ||    83
 Stab: Sleeping          ||     4
  Eat: Chunk             ||     5
